 Dungeon Crawl Stone Soup version 0.32-a0-938-g40ac7a0 (webtiles) character file.

Game seed: 9243174589722191537

17155301 ww7 the Swordmaster (level 27, 224/224 HPs)
             Began as a Coglin Monk on Apr 13, 2024.
             Was the Champion of Ru.
             Escaped with the Orb
             ... and 15 runes on Apr 18, 2024!
             The game lasted 06:18:20 (90202 turns).

ww7 the Swordmaster (Coglin Monk)                  Turns: 90202, Time: 06:18:20

Health: 224/224    AC: 19    Str: 18    XL:     27
Magic:  52/57      EV: 30    Int: 14    God:    Ru [******]
Gold:   6541       SH:  0    Dex: 27    Spells: 23/68 levels left

rFire   + . .        t - +8 demon blade of Hiduosit {pain, MP+9}
rCold   + . .        r - +9 double sword (heavy) {Isabel}
rNeg    + . .        Y - +3 troll leather armour {Snorg}
rPois   +            g - +1 hat of the Gloaming {rElec rC+ Str+2}
rElec   +            J - +2 cloak {rPois}
rCorr   .            o - +3 pair of gloves "Hepset" {rN+ SInv}
SInv    +            K - +0 pair of boots of Huput {rF+ Str+6 Dex+3 Slay+2}
Will    ++...        (amulet unavailable)
Stlth   +++          (ring unavailable)
HPRegen 1.37/turn    (ring unavailable)
MPRegen 0.35/turn    W - retrosubsystem Mk.2 {rElec Slay+3 Clar RMsl}

%: repel missiles, clarity
@: studying 4 skills
A: clumsy 1, frail 1, screaming 1, weak 1, hated by all, no air magic, no
conjurations magic, no hexes magic, disrupted magic 1, no forms, off-hand
wielding, slow wielding, warmup strikes, no jewellery, iridescent scales 1,
MP-powered wands
0: Orb of Zot
}: 15/15 runes: barnacled, slimy, silver, golden, iron, obsidian, icy, bone,
abyssal, demonic, glowing, magical, fiery, dark, gossamer
a: Renounce Religion, Draw Out Power, Power Leap, Apocalypse


You escaped.
You worshipped Ru.
Ru was exalted by your worship.
You visited 18 branches of the dungeon, and saw 87 of its levels.
You visited Pandemonium 1 time, and saw 13 of its levels.
You visited the Abyss 3 times.
You also visited: Bailey.

You collected 10170 gold pieces.
You spent 3629 gold pieces at shops.

Inventory:

Hand Weapons
 r - a +9 heavy double sword (offhand) {Isabel}
 t - the +8 demon blade of Hiduosit (weapon) {pain, MP+9}
   (You found it on level 7 of Tartarus)

   MP+9:      It affects your magic capacity (+9).
 v - a +8 spectral double sword {Ari}
Missiles
 F - 4 throwing nets {!f}
 S - 10 curare-tipped darts (quivered)
Armour
 g - the +1 hat of the Gloaming (worn) {rElec rC+ Str+2}
   (You found it on level 4 of the Spider Nest)

   Str+2:     It affects your strength (+2).
   rC+:       It protects you from cold.
   rElec:     It insulates you from electricity.
 o - the +3 pair of gloves "Hepset" (worn) {rN+ SInv}
   (You bought it in a shop on level 2 of the Orcish Mines)

   rN+:       It protects you from negative energy.
   SInv:      It lets you see invisible.
 J - a +2 cloak of poison resistance (worn)
 K - the +0 pair of boots of Huput (worn) {rF+ Str+6 Dex+3 Slay+2}
   (You found it on level 4 of the Shoals)

   Str+6:     It affects your strength (+6).
   Dex+3:     It affects your dexterity (+3).
   Slay+2:    It affects your accuracy & damage with ranged weapons and melee
   (+2).
   rF+:       It protects you from fire.
 Y - a +3 troll leather armour (worn) {Snorg}
 Z - the +2 helmet of Precision Catastrophes {^Contam rElec rN+ rCorr}
   (You found it on level 3 of the Vaults)

   rElec:     It insulates you from electricity.
   rN+:       It protects you from negative energy.
   ^Contam:   It causes magical contamination when unequipped.
   rCorr:     It protects you from acid and corrosion.
Gizmo
 W - a retrosubsystem Mk.2 (installed) {rElec Slay+3 Clar RMsl}
   (You invented it yourself on level 5 of the Lair of Beasts)

   [retrosubsystem Mk.2]

   Slay+3:    It affects your accuracy & damage with ranged weapons and melee
   (+3).
   rElec:     It insulates you from electricity.
   Clar:      It protects you from confusion, rage, mesmerisation and fear.
   RMsl:      It protects you from missiles.
Wands
 q - a wand of digging (13)
 s - a wand of quicksilver (39)
 A - a wand of paralysis (64)
 H - a wand of iceblast (87)
 O - a wand of flame (150)
 R - a wand of polymorph (46)
 T - a wand of mindburst (81)
Scrolls
 a - 5 scrolls of enchant armour
 e - 8 scrolls of amnesia
 f - 2 scrolls of brand weapon
 i - 19 scrolls of identify
 l - 20 scrolls of teleportation
 p - 3 scrolls of torment
 w - 5 scrolls of silence
 x - 14 scrolls of poison
 C - 6 scrolls of immolation
 I - 4 scrolls of fear
 M - 3 scrolls of blinking
 P - 11 scrolls of vulnerability
 U - 4 scrolls of fog
Potions
 c - 3 potions of ambrosia
 d - 7 potions of mutation
 h - 2 potions of berserk rage
 j - 8 potions of attraction
 k - 2 potions of haste
 m - 7 potions of might
 n - 7 potions of cancellation
 u - 3 potions of resistance
 z - 10 potions of curing
 B - 4 potions of brilliance
 D - 8 potions of enlightenment
 E - 2 potions of magic
 G - a potion of invisibility
 L - 6 potions of heal wounds {!q}
Miscellaneous
 b - a lightning rod (4/4)
 y - a figurine of a ziggurat
 Q - a phial of floods
 X - a tin of tremorstones (2/2)


   Skills:
 O Level 27 Fighting
 O Level 27 Long Blades
 - Level 7.6 Armour
 - Level 19.4 Dodging
 + Level 17.9 Stealth
 + Level 21.2 Spellcasting
 + Level 20.5 Necromancy
 + Level 26.3 Translocations
 - Level 9.8 Earth Magic
 - Level 19.8 Evocations


You had 23 spell levels left.
You knew the following spells:

 Your Spells              Type           Power      Damage    Failure   Level
a - Manifold Assault      Tloc           36%        N/A       1%          7
b - Lesser Beckoning      Tloc           100%       N/A       1%          2
c - Borgnjor's Vile Clut  Necr/Erth      27%        N/A       1%          5
e - Lee's Rapid Deconstr  Erth           21%        3d12*     3%          5
j - Disjunction           Tloc           36%        N/A       1%          8
o - Passage of Golubria   Tloc           73%        N/A       1%          4
p - Passwall              Erth           42%        N/A       1%          3
r - Sublimation of Blood  Necr           64%        N/A       1%          2
y - Apportation           Tloc           100%       N/A       1%          1
H - Borgnjor's Revivific  Necr           32%        N/A       9%          8

Your spell library contained the following spells:

 Spells                   Type           Power      Damage    Failure   Level
 Necrotise                Necr           100%       1d9       1%          1
 Sandblast                Erth           84%        2d18      1%          1
 Fugue of the Fallen      Necr           64%        N/A       1%          3
 Maxwell's Portable Pile  Tloc           73%        2d(12-35) 1%          3
 Teleport Other           Tloc           73%        N/A       1%          3
 Vampiric Draining        Necr           64%        2d10      1%          3
 Volatile Blastmotes      Fire/Tloc      100%       2d18      1%          3
 Dispel Undead            Necr           64%        3d22      1%          4
 Curse of Agony           Necr           64%        N/A       1%          5
 Dispersal                Tloc           36%        N/A       1%          6
 Gell's Gavotte           Tloc           36%        2d(27-41) 1%          6
 Freeze                   Ice            56%        1d7       6%          1
 Leda's Liquefaction      Alch/Erth      14%        N/A       8%          4
 Petrify                  Alch/Erth      28%        N/A       8%          4
 Scorch                   Fire           28%        2d6       10%         2
 Frozen Ramparts          Ice            28%        1d5       17%         3
 Ozocubu's Armour         Ice            14%        N/A       17%         3
 Ignite Poison            Fire/Alch      14%        N/A       45%         4
 Olgreb's Toxic Radiance  Alch           14%        N/A       45%         4
 Sticky Flame             Fire/Alch      14%        2d5       45%         4
 Permafrost Eruption      Ice/Erth       14%        2x4d4     67%         6
 Death's Door             Necr           32%        N/A       71%         9
 Alistair's Intoxication  Alch           9%         N/A       78%         5
 Eringya's Noxious Bog    Alch           7%         4d6       100%        6
 Ozocubu's Refrigeration  Ice            7%         4d9       100%        7
 Polar Vortex             Ice            7%         N/A       100%        9
 Kiss of Death            Conj/Necr      Unusable   2d13      N/A         1
 Cigotuvi's Dreadful Rot  Necr/Alch/Air  Unusable   N/A       N/A         2
 Momentum Strike          Conj/Tloc      Unusable   3d10      N/A         2
 Anguish                  Hex/Necr       Unusable   N/A       N/A         4
 Iskenderun's Mystic Bla  Conj/Tloc      Unusable   2d11      (+2d6N/A    4
 Martyr's Knell           Necr/Summ      Unusable   N/A       N/A         4
 Summon Forest            Summ/Tloc      Unusable   N/A       N/A         5
 Foxfire                  Conj/Fire      Unusable   2x1d6     N/A         1
 Magic Dart               Conj           Unusable   1d5       N/A         1
 Slow                     Hex            Unusable   N/A       N/A         1
 Sting                    Conj/Alch      Unusable   1d6       N/A         1
 Summon Small Mammal      Summ           Unusable   N/A       N/A         1
 Brom's Barrelling Bould  Conj/Erth      Unusable   2d5       N/A         4
 Ensorcelled Hibernation  Hex/Ice        Unusable   N/A       N/A         2
 Mercury Vapours          Alch/Air       Unusable   N/A       N/A         2
 Searing Ray              Conj           Unusable   2d5       N/A         2
 Confusing Touch          Hex            Unusable   N/A       N/A         3
 Hailstorm                Conj/Ice       Unusable   3d6       N/A         3
 Mephitic Cloud           Conj/Alch/Air  Unusable   N/A       N/A         3
 Swiftness                Air            Unusable   N/A       N/A         3
 Tukima's Dance           Hex            Unusable   N/A       N/A         3
 Fulminant Prism          Conj/Alch      Unusable   3d6       N/A         4
 Summon Blazeheart Golem  Fire/Summ      Unusable   N/A       N/A         4
 Haunt                    Necr/Summ      Unusable   N/A       N/A         7
 Bombard                  Conj/Erth      Unusable   9d3       N/A         6
 Freezing Cloud           Conj/Ice/Air   Unusable   6-21      N/A         5
 Irradiate                Conj/Alch      Unusable   3d14      N/A         5
 Iskenderun's Battlesphe  Conj           Unusable   2d7       N/A         5
 Metabolic Englaciation   Hex/Ice        Unusable   N/A       N/A         5
 Yara's Violent Unravell  Hex/Alch       Unusable   3d5       N/A         5
 Plasma Beam              Fire/Air       Unusable   2x1d17    N/A         6
 Sculpt Simulacrum        Ice/Alch       Unusable   N/A       N/A         6
 Starburst                Conj/Fire      Unusable   6d4       N/A         6
 Orb of Destruction       Conj           Unusable   9d6       N/A         7
 Spellforged Servitor     Conj/Summ      Unusable   N/A       N/A         7
 Summon Hydra             Summ           Unusable   N/A       N/A         7
 Lehudib's Crystal Spear  Conj/Erth      Unusable   10d5      N/A         8
 Chain Lightning          Conj/Air       Unusable   3d9       N/A         9
 Fire Storm               Conj/Fire      Unusable   8d2       N/A         9

Dungeon Overview and Level Annotations

Branches:
Dungeon (15/15)            Temple (1/1) D:5            Lair (5/5) D:10
 Shoals (4/4) Lair:3       Spider (4/4) Lair:3        Slime (5/5) Lair:5
    Orc (2/2) D:12            Elf (3/3) Orc:2        Vaults (5/5) D:13
  Crypt (3/3) Vaults:2       Tomb (3/3) Crypt:3      Depths (4/4) D:15
   Hell (visited)             Dis (7/7) Hell            Geh (7/7) Hell
    Coc (7/7) Hell            Tar (7/7) Hell            Zot (5/5) Depths:4
 Bailey (visited)

Altars:
Ashenzari
Cheibriados
Dithmenos
Elyvilon
Gozag
Kikubaaqudgha
Makhleb
Nemelex Xobeh
Okawaru
Qazlal
Ru
Sif Muna
Trog
Uskayaw
Vehumet
Wu Jian
Xom
Zin
The Shining One
Lugonu

Shops:
D:4 (   D:8 [!(   D:12 (   D:15 *   Orc:2 [=[[   Elf:2 =:=   Shoals:3 (
Vaults:1 [   Vaults:2 :[[*   Vaults:3 *   Depths:1 [

Portals:
Hell: Depths:1 Depths:2 Depths:3 Depths:4
Abyss: Lair:5 Depths:1 Depths:3
Pandemonium: Depths:2
Ziggurat: Depths:2
Trove: Elf:1 (give horn of Geryon)

Annotations:
D:3 Terence
D:5 1 runed translucent door, Crazy Yiuf
D:9 2 transporters, lightray's ghost, novice SpFE
Shoals:2 3 runed translucent doors, exclusion: 3 doors, Vianliurue's ghost, adept TeAE


Innate Abilities, Weirdness & Mutations

You are clumsy. (Dex -2)
You are frail. (-10% HP)
You occasionally shout uncontrollably at your foes.
You are weak. (Str -2)
You are hated by all.
You cannot study or cast Air magic.
You cannot study or cast Conjurations magic.
You cannot study or cast Hexes magic.
Your casting is slightly disrupted.
You cannot voluntarily change form.
You can wield a second weapon in your off-hand.
It takes a long time for you to wield or remove held weapons.
Your first few attacks do less damage.
You cannot equip rings or amulets.
You are partially covered in iridescent scales. (AC +2)
You expend magic power (3 MP) to strengthen your wands.


Message History

You hit the soul eater but do no damage.
You hit the soul eater with the +8 demon blade of Hiduosit. 현재 남은 마력은 [50/57] 입니다.
You redirect the demonspawn black sun's attack!
The demonspawn black sun invokes the aid of Kikubaaqudgha against itself.
The bolt of negative energy hits the demonspawn black sun!!
The demonspawn black sun is drained!
The soul eater is stunned by your conviction and fails to attack.
The soul eater attacks as it pursues you!
The soul eater misses you.
A demonspawn warmonger comes into view.
It is wielding a +0 demon trident of flaming, wearing a +2 plate armour of fire resistance and wearing a +1 tower shield of reflection.
The demonspawn black sun prays to Kikubaaqudgha.
The demonspawn black sun begins absorbing vital energies!
The soul eater begins absorbing vital energies!
The demonspawn warmonger begins absorbing vital energies!
There is an escape hatch in the ceiling here.
Unknown command.
You redirect the demonspawn warmonger's attack!
A mysterious force pulls you upwards. The hatch slams shut behind you.
An Orb Guardian comes into view.
Casting: Manifold Assault (mildly dangerous; 1% risk of failure)
Confirm with . or Enter, or press ? or * to list all spells.
Space momentarily warps into an impossible shape!
You slice the Orb Guardian like a ripe choko with the +8 demon blade of Hiduosit!!!
The Orb Guardian writhes in agony!
You slice the Orb Guardian like a ripe choko with your +9 heavy double sword!!!
You kill the Orb Guardian!
You have mastered Fighting! 체력이 전부 회복되었습니다. (224) 현재 남은 마력은 [46/57] 입니다.
Unknown command.
There is a staircase leading out of the dungeon here.
Unknown command.
You are studying Fighting, Staves, Ranged Weapons and Ice Magic.
Your movement speed is average.
Your attack delay is about 0.8 (and cannot be improved with additional weapon skill).
Your damage rating with the +8 demon blade of Hiduosit {pain, MP+9} is about 54 (Base 13 x 142% (Dex) x 223% (Skill) + 13 (Ench + Slay)).
Your damage rating with your +9 heavy double sword {Isabel} is about 99 (Base [15 + 12 (Hvy)] x 142% (Dex) x 223% (Skill) + 14 (Ench + Slay)).
Your base attributes are Str 10, Int 14, Dex 24.
You have escaped!

..##.#..#.# ####..#
..##.#..#.##########.....#
..##.#..#.#....#####.....#
..##.#..#.#.#####...##...#
..##.#..#...###.....##...#
..##.####.##........##...#
#.##......##.........##..#
#.##########.....♣...##>.#
#..........##...@.....##.########
##########.##.........##.........
......# #..##........##.########
#.....# #..##.....###...#
#.....## #..##...#####...#
#).....###....#####.....##
#.....÷.......###.......##
#.....####÷#.............#
#.....# #.######........#


There were no monsters in sight!

Vanquished Creatures
  Cerebov (Pan)
  Antaeus (Coc:7)
  the Royal Jelly (Slime:5)
  Asmodeus (Geh:7)
  Lom Lobon (Pan)
  Ereshkigal (Tar:7)
  Mnoleg (Pan)
  the Serpent of Hell (Dis:7)
  Gloorx Vloq (Pan)
  Dispater (Dis:7)
  6 ancient liches
  An orb of fire (Zot:5)
  4 dread liches
  Khufu (Tomb:1)
  2 pandemonium lords
  3 juggernauts
  Mara (Shoals:4)
  27 royal mummies
  Sojobo (Depths:1)
  Vv (Crypt:2)
  Boris (twice) (Vaults:1 Tomb:1)
  3 Killer Klowns (Zot:5)
  16 shard shrikes
  Margery (Crypt:1)
  The ghost of Ilat the Executioner, a veteran FoFi of Dithmenos (Crypt:1)
  4 curse toes
  Geryon (Hell)
  27 caustic shrikes
  3 golden dragons
  the Enchantress (Depths:1)
  Nikola (Depths:1)
  19 profane servitors
  2 pearl dragons
  Arachne (Spider:4)
  11 bone dragons
  8 Tzitzimimeh
  20 hellephants
  3 electric golems
  16 iron giants
  9 doom hounds
  17 Brimstone Fiends
  15 tentacled monstrosities
  25 Hell Sentinels
  A walking earthen tome (Depths:2)
  23 tainted leviathans
  Mlioglotl (Shoals:2)
  5 quicksilver dragons
  29 Orb Guardians
  A walking frostbound tome (Depths:2)
  14 titans
  9 liches
  23 Ice Fiends
  Asterion (Vaults:1)
  11 acid blobs
  17 searing wretches
  3 deep elf master archers (Elf:3)
  8 sphinxes
  15 Executioners
  2 deep elf blademasters (Elf:3)
  4 tentacled starspawn
  36 ancient champions
  3 storm dragons
  2 krakens
  13 death cobs
  Agnes (Spider:4)
  10 tengu reavers
  12 shadow dragons
  3 revenants (Crypt:2)
  Roxanne (Spider:4)
  Donald (Vaults:1)
  3 fenstrider witches
  Ilsuiw (Shoals:4)
  2 nagarajas (Pan)
  6 protean progenitors (Pan)
  A daeva (Zot:2)
  13 frost giants
  15 azure jellies
  2 demonspawn warmongers (Pan)
  Aizul (Elf:2)
  6 narguns
  9 rockslimes
  6 draconian monks
  19 vault wardens
  9 deep elf sorcerers
  4 draconian shifters
  9 quicksilver elementals
  27 fire giants
  16 ghost moths
  5 iron dragons
  5 emperor scorpions
  3 draconian knights
  2 juggernaut zombies
  2 curse skulls
  3 draconian scorchers
  7 deep elf elementalists
  5 spectral caustic shrikes
  18 shard shrike simulacra
  2 demonspawn corrupters (Pan)
  21 ironbound preservers
  3 caustic shrike zombies
  7 ghouls
  16 reapers
  31 balrugs
  7 orc warlords
  3 spriggan defenders (Depths:1)
  16 cacodemons
  4 draconian annihilators
  4 demonspawn blood saints (Pan)
  9 caustic shrike skeletons
  7 quicksilver oozes
  21 very ugly things
  3 green draconians
  19 vampire knights
  6 formless jellyfish
  Nessos (D:13)
  4 deep elf death magi
  33 stone giants
  31 elemental wellsprings
  9 juggernaut skeletons
  6 ironbound thunderhulks
  24 putrid mouths
  10 deep elf demonologists
  2 bennus (Tomb:3)
  5 demonspawn black suns
  6 black draconians
  3 spectral titans
  10 dire elephants
  9 white draconians
  3 lorocyprocas
  25 wendigos
  5 purple draconians
  7 yellow draconians
  13 deep elf annihilators
  4 red draconians
  27 war gargoyles
  6 spark wasps
  2 bunyips (Pan)
  22 iron golems
  4 crystal guardians
  17 ettins
  22 mummy priests
  9 eidola
  4 green deaths
  The ghost of AlexanderH the Arsonist, a journeyman DrEE of Vehumet (Lair:1)
  Snorg (Lair:4)
  6 deep elf high priests
  11 merfolk impalers
  12 blizzard demons
  A spectral quicksilver dragon (Tar:1)
  11 fire dragons
  6 merfolk javelineers
  15 yaktaur captains
  6 jiangshi
  9 great orbs of eyes
  6 entropy weavers
  2 spriggan zombies
  Fannar (D:12)
  A spectral kraken (Tar:7)
  34 vault guards
  Erolcha (D:12)
  7 salamander tyrants
  A spectral shadow dragon (Tar:1)
  The ghost of Tutwicad the Carver, a journeyman DsGl of Nemelex Xobeh (Lair:1)
  8 ironbound frosthearts
  4 peacekeepers (Vaults:3)
  2 hell beasts
  9 juggernaut simulacra
  6 hydras
  A bennu zombie (Crypt:2)
  2 catoblepae
  13 caustic shrike simulacra
  An ogre mage (Vaults:5)
  9 ice dragons
  5 radroaches
  8 spriggan air magi
  The ghost of DANddo the Mimic, a novice TrSh of Cheibriados (Lair:1)
  11 rakshasas
  15 boulder beetles
  10 jorogumos
  4 merfolk avatars
  7 centaur warriors
  6 stokers
  4 death knights
  7 deep troll shamans
  7 two-headed ogres
  31 hell hogs
  2 satyrs (Shoals:4)
  An alligator snapping turtle (Shoals:2)
  6 merfolk aquamancers
  4 vampire magi
  52 dancing weapons
  4 death yaks (Lair:5)
  7 orc high priests
  31 death scarabs
  4 thrashing horrors
  7 tengu warriors
  11 demonic crawlers
  3 spriggan berserkers
  36 sun demons
  An occultist (Depths:1)
  2 naga warriors (Abyss:3)
  2 spectral nagas (Tar:1)
  A spectral storm dragon (Tar:1)
  A spectral dire elephant (Tar:1)
  10 deep troll earth magi
  An emperor scorpion zombie (Crypt:2)
  Urug (D:12)
  19 hell knights
  A skyshark (shapeshifter) (Vaults:5)
  14 soul eaters
  A wretched star (Abyss:2)
  2 skysharks
  A titan skeleton (Crypt:3)
  A fire crab (Lair:5)
  2 salamander mystics (Depths:4)
  8 crystal echidnas
  10 iron trolls
  7 shadow wraiths
  6 hellephant skeletons (Pan)
  21 deep elf knights
  34 skeletal warriors
  3 pharaoh ants
  9 sea snakes
  10 shadow demons
  9 quicksilver dragon simulacra
  14 sixfirhies
  11 deep elf archers
  2 anaconda zombies (Hell)
  7 arcanists
  13 orb spiders
  An iron giant zombie (Crypt:2)
  A spark wasp zombie (Depths:1)
  9 phantasmal warriors
  A spectral anaconda (Tar:2)
  63 deep trolls
  11 flayed ghosts
  5 bog bodies
  13 sun moths
  5 orc knights
  3 orange crystal statues (Hell)
  6 spriggan simulacra
  19 large abominations
  4 anaconda skeletons
  6 glowing orange brains
  5 lindwurms
  5 thermic dynamos
  17 ironbound convokers
  2 obsidian bats (Orc:2)
  26 deep elf zephyrmancers
  16 necromancers
  33 harpies
  A harpy (shapeshifter) (Vaults:5)
  3 tengu skeletons
  18 wolf spiders
  A lindwurm (shapeshifter) (Depths:4)
  5 steelbarb worms
  20 deep elf pyromancers
  A fenstrider witch simulacrum (Coc:2)
  5 manticores
  5 fauns (Shoals:2)
  4 orc sorcerers
  8 shining eyes
  2 spectral ettins
  An iron dragon zombie (Depths:3)
  A spectral centaur (Tar:1)
  Maurice (D:8)
  5 salamanders (Depths:4)
  56 ugly things
  5 cyclopes
  A faun (shapeshifter) (Vaults:5)
  A naga zombie (Tomb:3)
  A meliai (shapeshifter) (Lair:5)
  3 meliai (Spider:2)
  6 merfolk sirens
  An alligator skeleton (Hell)
  An ice statue (Hell)
  2 Executioner simulacra (Pan)
  17 vault sentinels
  An iron dragon skeleton (Crypt:3)
  13 moths of wrath
  26 elephants
  2 kobold blastminers (Orc:2)
  20 smoke demons
  3 water nymphs
  4 black mambas
  10 titan simulacra
  2 water nymphs (shapeshifter)
  An eye of devastation (Slime:4)
  2 molten gargoyles (Hell)
  A guardian serpent (Abyss:3)
  2 frost giant skeletons
  12 cane toads
  9 spectral swamp worms (Tar:7)
  A torpor snail (shapeshifter) (Depths:1)
  11 orange demons
  2 kobold demonologists
  5 centaur skeletons
  6 torpor snails
  27 hellions
  8 freezing wraiths
  A death yak zombie (Crypt:1)
  9 rime drakes
  An unseen horror (D:12)
  2 gargoyles
  A komodo dragon (shapeshifter) (D:15)
  33 yaktaurs
  3 efreet
  2 komodo dragons
  9 anaconda simulacra
  4 tengu conjurers
  5 iron giant simulacra
  2 dire elephant skeletons (Tomb:1)
  2 ice devils (Pan)
  19 tormentors
  A redback zombie (Crypt:2)
  54 guardian mummies
  7 spriggan skeletons
  2 bunyip simulacra
  2 hydra zombies (Hell)
  A silent spectre (Abyss:4)
  5 spectral harpies
  A golden dragon simulacrum (Coc:3)
  A queen bee (Spider:2)
  12 polar bears
  4 harpy zombies
  A death drake zombie (Crypt:2)
  28 merfolk
  4 ancient zymes
  7 trolls
  A death yak skeleton (Crypt:1)
  Grinder (D:4)
  34 tarantellas
  8 hornets
  A polar bear (shapeshifter) (Vaults:5)
  11 snapping turtles
  A shadow dragon simulacrum (Coc:1)
  A spectral swamp dragon (Tar:1)
  4 glass eyes
  7 dream sheep (Lair:5)
  22 jumping spiders
  6 wind drakes
  7 hellwings
  3 iron dragon simulacra
  6 raiju
  2 harpy skeletons
  A jumping spider zombie (Crypt:2)
  An ettin zombie (Tomb:1)
  A guardian serpent zombie (Crypt:1)
  33 blink frogs
  83 slime creatures
  6 stone giant simulacra
  2 fire dragon zombies (Crypt:3)
  A fire dragon skeleton (Crypt:2)
  9 spriggans
  9 ynoxinuls
  5 water elementals
  A black mamba zombie (Tomb:1)
  A shadow (D:11)
  A centaur simulacrum (Coc:1)
  2 air elementals
  11 wyverns
  9 dire elephant simulacra
  9 wraiths
  A vampire (Bailey)
  18 humans (D:13)
  17 culicivoras
  A human (shapeshifter) (D:13)
  23 ushabtiu
  3 fire elementals
  A fire bat (shapeshifter) (Lair:5)
  70 yaks
  3 alligator snapping turtle simulacra
  6 golden eyes (Pan)
  10 wargs
  2 fire bats
  11 basilisks
  A basilisk (shapeshifter) (Lair:5)
  2 steam dragons
  11 vampire mosquitoes
  14 neqoxecs
  53 redbacks
  17 chaos spawn
  Menkaure (D:7)
  2 human zombies
  2 nagas (Abyss:3)
  29 harpy simulacra
  9 hell hounds
  3 acid dragons
  5 hydra simulacra
  16 water moccasins
  A naga skeleton (Crypt:2)
  A glowing shapeshifter skeleton (Depths:3)
  A faun skeleton (Crypt:1)
  A sky beast (Depths:3)
  2 ice beasts
  10 black bears
  9 ettin simulacra
  59 orc warriors
  17 small abominations
  A black mamba simulacrum (Coc:1)
  52 laughing skulls
  19 ogres
  2 boggarts
  A boggart (shapeshifter) (D:14)
  11 wolves
  25 centaurs
  A phantom (D:5)
  2 brain worms (Pan)
  A kobold brigand (D:9)
  9 bullfrogs
  A weeping skull (Abyss:2)
  3 earth elementals
  5 naga simulacra
  2 scorpions
  5 wights
  16 killer bees
  4 howler monkeys
  7 vampire bats (Bailey)
  6 wolf zombies (Bailey)
  6 electric eels
  2 bombardier beetles (D:4)
  A bullfrog zombie (Crypt:1)
  4 quasits
  6 hounds
  31 orc priests
  24 starcursed masses
  A gnoll bouda (D:10)
  3 jellies
  Ijyb (D:4)
  Jessica (D:3)
  3 iguanas
  16 orc wizards
  14 hell rats
  A deep dwarf zombie (Crypt:1)
  A sky beast zombie (Crypt:1)
  33 mummies
  7 gnolls
  9 adders
  2 shadow imps
  A white imp (Abyss:2)
  4 ufetubi
  A dart slug (D:2)
  3 ribbon worms (D:2)
  116 orcs
  12 endoplasms
  4 giant cockroaches
  8 goblins
  9 hobgoblins
  17 kobolds
  4 quokkas (D:1)
  11 ball pythons
  3 bats
  3 frilled lizards
  A jackal skeleton (Crypt:2)
  26 orc zombies (Bailey)
  4 rats
  5 aspiring fleshes
  5 creeping infernos
  8 fire vortices
  A lurking horror (Abyss:2)
  A starspawn tentacle (Abyss:2)
  9 tentacles
4053 creatures vanquished.

Vanquished Creatures (others)
  An iron giant (Dis:7)
  2 hellephants (Geh:7)
  A protean progenitor (Zot:5)
  A fire giant (Depths:2)
  A vault warden (Vaults:5)
  A quicksilver elemental (Dis:7)
  An elemental wellspring (Coc:5)
  A lorocyproca (Pan)
  A blizzard demon (Pan)
  An iron golem (Dis:7)
  A rakshasa (Pan)
  A spriggan air mage (Pan)
  A jorogumo (Spider:4)
  3 dancing weapons
  A demonic crawler (Spider:4)
  A hell knight (Depths:1)
  An orb spider (Spider:4)
  A quicksilver dragon simulacrum (Coc:6)
  A sun moth (Spider:4)
  A deep elf pyromancer (Elf:2)
  A deep elf zephyrmancer (Elf:2)
  A phantasmal warrior (Vaults:5)
  A wolf spider (Spider:2)
  A cane toad (Lair:1)
  An efreet (Abyss:2)
  An anaconda simulacrum (Coc:3)
  A tarantella (Spider:4)
  2 culicivoras (Spider:4)
  A yak (Lair:5)
  A harpy simulacrum (Coc:5)
  A bullfrog (Lair:3)
  An orc wizard (Elf:1)
  2 ball lightnings (Pan)
  20 spectral weapons
  8 starspawn tentacles
  17 tentacles
83 creatures vanquished.

Grand Total: 4136 creatures vanquished

Notes
Turn   | Place    | Note
-------+----------+-------------------------------------------
     0 | D:1      | ww7 the Coglin Monk began the quest for the Orb.
     0 | D:1      | Reached XP level 1. HP: 18/18 MP: 1/1
   373 | D:1      | Reached XP level 2. HP: 24/24 MP: 2/2
  1277 | D:2      | Reached XP level 3. HP: 27/29 MP: 3/3
  1646 | D:2      | Found a faded altar of an unknown god.
  1924 | D:2      | Reached XP level 4. HP: 22/35 MP: 4/4
  2013 | D:2      | Reached skill level 5 in Long Blades
  2968 | D:3      | Noticed Jessica
  3361 | D:2      | Reached XP level 5. HP: 31/41 MP: 5/5
  3509 | D:3      | Noticed Terence
  3596 | D:3      | Killed Jessica
  3848 | D:3      | Reached skill level 1 in Evocations
  4053 | D:3      | Found a hide-covered altar of Uskayaw.
  4336 | D:4      | Noticed Ijyb
  4340 | D:4      | Killed Ijyb
  4341 | D:4      | Reached XP level 6. HP: 47/47 MP: 6/6
  4788 | D:4      | Found an opulent altar of Gozag.
  4887 | D:4      | Noticed Grinder
  4891 | D:4      | Paralysed by Grinder for 5 turns
  4900 | D:4      | Killed Grinder
  4901 | D:4      | Reached XP level 7. HP: 22/54 MP: 7/7
  5746 | D:4      | Found Yjaononn's Antique Weapon Boutique.
  5752 | D:4      | Bought a glowing falchion for 168 gold pieces
  6009 | D:5      | Entered Level 5 of the Dungeon
  6116 | D:5      | Found a staircase to the Ecumenical Temple.
  6123 | Temple   | Entered the Ecumenical Temple
  6209 | D:5      | Reached XP level 8. HP: 42/61 MP: 8/8
  6292 | D:5      | Found an ancient bone altar of Kikubaaqudgha.
  6297 | D:5      | Found a shadowy altar of Dithmenos.
  6303 | D:5      | Found an ornate altar of the Wu Jian Council.
  6389 | D:5      | Reached skill level 5 in Evocations
  6419 | D:5      | Reached skill level 5 in Fighting
  6463 | D:5      | Found a runed translucent door.
  6464 | D:5      | Noticed Crazy Yiuf
  7063 | D:5      | Found a snail-covered altar of Cheibriados.
  7064 | D:5      | Found a radiant altar of Vehumet.
  7761 | D:6      | Found a broken altar of Ashenzari.
  7941 | D:6      | Reached XP level 9. HP: 69/69 MP: 9/9
  8420 | D:6      | Found a sacrificial altar of Ru.
  8425 | D:6      | Became a worshipper of Ru the Awakened
  8441 | D:7      | Gained mutation: You are frail. (-10% HP) [Ru sacrifice]
  8441 | D:7      | Reached * piety under Ru
  9106 | D:7      | Found a sparkling altar of Nemelex Xobeh.
  9229 | D:7      | Noticed Menkaure
  9233 | D:7      | Killed Menkaure
  9889 | D:8      | Noticed Maurice
  9899 | D:8      | Maurice stole 9 poisoned darts
  9900 | D:8      | Maurice stole 394 gold
  9904 | D:8      | Killed Maurice
  9905 | D:8      | Reached skill level 10 in Long Blades
 10028 | D:8      | Found Kiprab's Distillery.
 10029 | D:8      | Found Saqa's Weapon Boutique.
 10029 | D:8      | Found Kaot's Armour Boutique.
 10044 | D:8      | Noticed a hornet
 10047 | D:8      | Killed a hornet
 10129 | D:8      | Found a flagged portal.
 10149 | Bailey   | Entered a bailey
 10412 | Bailey   | Reached XP level 10. HP: 71/71 MP: 10/10
 10523 | Bailey   | Noticed a gargoyle
 10536 | Bailey   | Killed a gargoyle
 10605 | Bailey   | Identified the +3 kite shield "Ugionk" {Int+4}
 10941 | D:8      | Gained mutation: You are clumsy. (Dex -2) [Ru sacrifice]
 10941 | D:8      | Reached ** piety under Ru
 10995 | D:8      | Bought a potion of curing for 36 gold pieces
 10995 | D:8      | Bought a potion of haste for 120 gold pieces
 10995 | D:8      | Bought a potion of heal wounds for 60 gold pieces
 10995 | D:8      | Bought a potion of invisibility for 96 gold pieces
 10995 | D:8      | Bought a potion of curing for 36 gold pieces
 10995 | D:8      | Bought a potion of heal wounds for 60 gold pieces
 10995 | D:8      | Bought a potion of curing for 36 gold pieces
 11081 | D:9      | Identified the orb of a Hundred Friars {mayhem, ^Contam
                  | rElec Will+ Air}
 11112 | D:9      | Noticed a kobold demonologist
 11416 | D:9      | Found a transporter.
 11418 | D:9      | Noticed a deep troll
 11421 | D:9      | Noticed lightray's ghost (novice SpFE)
 11422 | D:9      | Found a bloodstained altar of Trog.
 11422 | D:9      | Noticed a two-headed ogre
 11432 | D:9      | Noticed a moth of wrath
 11446 | D:9      | Found a transporter.
 11517 | D:9      | Killed a kobold demonologist
 11660 | D:9      | Found a hazy altar of Hepliaklqana.
 11767 | D:10     | Entered Level 10 of the Dungeon
 11777 | D:10     | Reached skill level 1 in Stealth
 11831 | D:10     | Found a staircase to the Lair.
 11892 | D:10     | Noticed a deep elf pyromancer
 11912 | D:10     | Killed a deep elf pyromancer
 12352 | D:10     | Found a burning altar of Makhleb.
 12462 | D:10     | Noticed a two-headed ogre
 12588 | D:10     | Killed a two-headed ogre
 12589 | D:10     | Reached skill level 10 in Evocations
 12589 | D:10     | Reached XP level 11. HP: 74/78 MP: 11/11
 13769 | D:11     | Identified the +0 helmet of the Kangaroo {rN+++ MP-9 Int-3
                  | Stlth+}
 14428 | D:12     | Noticed Fannar
 14430 | D:12     | Noticed a cyan ugly thing
 14439 | D:12     | Killed Fannar
 14444 | D:12     | Killed a cyan ugly thing
 14507 | D:12     | Noticed a cyan ugly thing
 14507 | D:12     | Found Rouzxipn's Weapon Boutique.
 14507 | D:12     | Found a staircase to the Orcish Mines.
 14856 | D:12     | Reached XP level 12. HP: 80/85 MP: 12/12
 15164 | D:12     | Noticed Erolcha
 15305 | Lair:1   | Entered Level 1 of the Lair of Beasts
 15815 | Lair:1   | Found a runed translucent gate.
 15815 | Lair:1   | Found a runed translucent gate.
 15817 | Lair:1   | Found a runed translucent gate.
 15820 | Lair:1   | Noticed AlexanderH's ghost (journeyman DrEE)
 15820 | Lair:1   | Noticed Tutwicad's ghost (journeyman DsGl)
 15821 | Lair:1   | Noticed DANddo's ghost (novice TrSh)
 16112 | Lair:1   | Noticed a skyshark
 16134 | Lair:1   | Killed a skyshark
 16352 | Lair:1   | Reached skill level 10 in Fighting
 16593 | Lair:2   | Reached skill level 5 in Dodging
 16924 | Lair:2   | Noticed an eight-headed hydra
 16934 | Lair:2   | Killed a seven-headed hydra
 16935 | Lair:2   | Reached skill level 1 in Armour
 16994 | Lair:2   | Noticed a catoblepas
 17043 | Lair:2   | Killed a catoblepas
 17105 | Lair:2   | Reached XP level 13. HP: 93/93 MP: 13/13
 18015 | Lair:3   | Reached skill level 15 in Long Blades
 18135 | Lair:3   | Identified the +8 morningstar "Epror" {speed, rF+ Str+3
                  | Dex-3}
 18183 | Lair:3   | Found a hole to the Spider Nest.
 18249 | Lair:3   | Gained mutation: Your casting is slightly disrupted. [Ru
                  | sacrifice]
 18759 | Lair:3   | You fall into a shaft and drop 2 floors!
 18759 | Lair:5   | Entered Level 5 of the Lair of Beasts
 19126 | Lair:5   | Found a viscous altar of Jiyva.
 19128 | Lair:5   | Found a staircase to the Slime Pits.
 19274 | Lair:5   | Reached XP level 14. HP: 53/101 MP: 14/14
 19525 | Lair:5   | Acquired a retrosubsystem Mk.2 {rElec Slay+3 Clar RMsl}
 19560 | Lair:5   | Reached skill level 5 in Armour
 20691 | Lair:5   | Reached skill level 15 in Evocations
 21019 | Lair:5   | Gained mutation: You cannot voluntarily change form. [Ru
                  | sacrifice]
 21066 | Lair:5   | Found a corrupted altar of Lugonu.
 21066 | Lair:5   | Found a one-way gate to the infinite horrors of the Abyss.
 21792 | Lair:4   | Noticed Snorg
 21903 | Lair:4   | Killed Snorg
 21975 | Lair:4   | Reached XP level 15. HP: 109/109 MP: 15/15
 23038 | Lair:3   | Found a staircase to the Shoals.
 23491 | D:12     | Found a burning altar of Makhleb.
 23597 | D:12     | Gained mutation: You are hated by all. [Ru sacrifice]
 23597 | D:12     | Reached *** piety under Ru
 23597 | D:12     | Reached **** piety under Ru
 23612 | D:12     | Noticed Urug
 23622 | D:12     | Killed Urug
 23831 | Orc:1    | Entered Level 1 of the Orcish Mines
 23831 | Orc:1    | Noticed an orc warlord
 23865 | Orc:1    | Killed an orc warlord
 24294 | Orc:1    | Got Vaphod's Compilation of Frigid Solvents
 24309 | Orc:2    | Entered Level 2 of the Orcish Mines
 25267 | Orc:2    | Noticed an orc warlord
 25622 | Orc:2    | Identified 3 scrolls of acquirement
 25623 | Orc:2    | Acquired a +1 demon blade of freezing
 25636 | Orc:2    | Acquired a +4 double sword of electrocution
 25649 | Orc:2    | Acquired a +3 heavy double sword
 25814 | Orc:2    | Noticed an orc warlord
 25826 | Orc:2    | Killed an orc warlord
 25947 | Orc:2    | Found a staircase to the Elven Halls.
 26220 | Orc:2    | Killed an orc warlord
 26330 | Orc:2    | Found Washoawo's Armour Emporium.
 26349 | Orc:2    | Found Weatecwu's Jewellery Shoppe.
 26474 | Orc:2    | Noticed an orc warlord
 26486 | Orc:2    | Killed an orc warlord
 27061 | Orc:2    | Noticed an orc warlord
 27081 | Orc:2    | Killed an orc warlord
 27170 | Orc:2    | Reached skill level 10 in Dodging
 27312 | Orc:2    | Found Higayh's Armour Emporium.
 27427 | Orc:2    | Reached XP level 16. HP: 70/117 MP: 16/16
 27568 | Orc:2    | Found Dudeoh's Armour Boutique.
 27626 | Orc:2    | Bought the +3 pair of gloves "Hepset" {rN+ SInv} for 418
                  | gold pieces
 27680 | Orc:2    | Bought the +2 pair of boots of Indecent Exposure {rElec
                  | Int+2} for 425 gold pieces
 27765 | Orc:2    | Found the +9 sword of Power {lifebolt}
 27828 | Orc:2    | Learned a level 1 spell: Apportation
 28469 | D:13     | Noticed Nessos
 28476 | D:13     | Killed Nessos
 28804 | D:13     | Identified the +8 dagger of Integrity {freeze, rElec rPois
                  | rF+}
 28886 | D:13     | Found a gate to the Vaults.
 29678 | D:14     | Gained mutation: You cannot study or cast Air magic. [Ru
                  | sacrifice]
 29678 | D:14     | Gained mutation: You cannot study or cast Hexes magic. [Ru
                  | sacrifice]
 29678 | D:14     | Gained mutation: You cannot study or cast Conjurations
                  | magic. [Ru sacrifice]
 29678 | D:14     | Reached ***** piety under Ru
 29822 | D:15     | Entered Level 15 of the Dungeon
 29851 | D:15     | Found a glowing golden altar of the Shining One.
 29865 | D:15     | Found Cutat's Overcharged Wands.
 29874 | D:15     | Bought a wand of paralysis (18) for 648 gold pieces
 29874 | D:15     | Acquired the +5 scale mail of Midsummer {rF++ Int-2 Dex+2
                  | Stlth+}
 30071 | D:15     | Reached skill level 1 in Translocations
 30989 | D:15     | Found a staircase to the Depths.
 31254 | Spider:1 | Entered Level 1 of the Spider Nest
 31501 | Spider:1 | Reached XP level 17. HP: 126/126 MP: 17/17
 32514 | Spider:2 | Reached skill level 15 in Fighting
 32587 | Spider:2 | Reached skill level 5 in Translocations
 33738 | Spider:4 | Entered Level 4 of the Spider Nest
 33744 | Spider:4 | Noticed Agnes
 33749 | Spider:4 | Killed Agnes
 33818 | Spider:4 | Noticed Roxanne
 33832 | Spider:4 | Killed Roxanne
 34018 | Spider:4 | Reached XP level 18. HP: 116/134 MP: 18/18
 34616 | Spider:4 | Noticed Arachne
 34622 | Spider:4 | Killed Arachne
 34630 | Spider:4 | HP: 3/135 [burnt (13)]
 34913 | Spider:4 | Identified the +1 hat of the Gloaming {rElec rC+ Str+2}
 35026 | Spider:4 | Got a gossamer rune of Zot
 35494 | Lair:3   | Learned a level 4 spell: Passage of Golubria
 35544 | Shoals:1 | Entered Level 1 of the Shoals
 35566 | Shoals:1 | december12: 매니폴드로 도망치려는 비겁한 루글린!
 35568 | Shoals:1 | ww7: 들 켰 다
 36177 | Shoals:2 | Identified the +0 tower shield of Otaur {rElec MP+9 Str+2}
 36212 | Shoals:2 | Learned a level 2 spell: Lesser Beckoning
 36498 | Shoals:2 | Found a runed translucent gate.
 36498 | Shoals:2 | Found a runed translucent gate.
 36499 | Shoals:2 | Found a runed translucent gate.
 36501 | Shoals:2 | Noticed Vianliurue's ghost (adept TeAE)
 36510 | Shoals:2 | Noticed Mlioglotl
 36521 | Shoals:2 | Killed Mlioglotl
 36996 | Shoals:3 | Gained mutation: You are weak. (Str -2) [Ru sacrifice]
 37091 | Shoals:3 | Found Impeggetz's Weapon Boutique.
 37486 | Shoals:4 | Entered Level 4 of the Shoals
 37760 | Shoals:4 | Reached XP level 19. HP: 141/141 MP: 13/19
 37844 | Shoals:4 | Noticed Mara
 37865 | Shoals:4 | Killed Mara
 37942 | Shoals:4 | Identified the ring "Qudit" {rF+ rCorr Int-3 SInv}
 37958 | Shoals:4 | Identified the +3 dagger of the Tiger {heavy, rF+ Dex+5}
 37967 | Shoals:4 | Noticed Ilsuiw
 37992 | Shoals:4 | Killed Ilsuiw
 38056 | Shoals:4 | Identified the +1 hand axe of the Moth {speed, rElec rN+
                  | Int+3}
 38333 | Shoals:4 | Identified the +0 pair of boots of Huput {rF+ Str+6 Dex+3
                  | Slay+2}
 38530 | Shoals:4 | Reached skill level 1 in Spellcasting
 38572 | Shoals:4 | Got a barnacled rune of Zot
 38853 | Lair:3   | ww7: 오늘 여기까지만 하고 관전하다가 자려고 하는데
 38853 | Lair:3   | ww7: 혹시 게임 하시나요 ㅋㅋ?
 38855 | Lair:3   | Upgraded the game from 0.32-a0-931-g5a2cda0 to
                  | 0.32-a0-938-g40ac7a0
 39186 | Lair:1   | Killed DANddo's ghost
 39190 | Lair:1   | Killed AlexanderH's ghost
 39205 | Lair:1   | Killed Tutwicad's ghost
 39216 | Lair:1   | Identified the blade talisman "Joxuorou" {Str+3 Int-5
                  | Dex+9}
 39409 | Vaults:1 | Entered Level 1 of the Vaults
 39415 | Vaults:1 | Noticed Asterion
 39420 | Vaults:1 | Killed Asterion
 39561 | Vaults:1 | Identified the +7 great sword "Sebuts" {vamp, ^Drain rPois
                  | rF+ SInv}
 39670 | Vaults:1 | Identified the +4 robe of Asmubb {Int+8 SInv}
 39670 | Vaults:1 | Noticed Boris
 39685 | Vaults:1 | Killed Boris
 39764 | Vaults:1 | Noticed Donald
 39784 | Vaults:1 | Killed Donald
 39810 | Vaults:1 | Found Peum's Armour Boutique.
 39836 | Vaults:1 | Reached XP level 20. HP: 139/150 MP: 25/25
 39868 | Vaults:1 | Reached skill level 10 in Translocations
 40309 | Vaults:2 | Found Gerrott's Book Shop.
 40363 | Vaults:2 | Identified the +4 scimitar of Epnaqola {protect, rCorr
                  | Str+4}
 40403 | Vaults:2 | Identified the +4 orcbow of Disgust {antimagic, rF+ Str+3}
 40576 | Vaults:2 | Found Oxett's General Store.
 40583 | Vaults:2 | Bought a wand of paralysis (7) for 252 gold pieces
 40583 | Vaults:2 | Bought a phial of floods for 600 gold pieces
 40583 | Vaults:2 | Bought a potion of brilliance for 60 gold pieces
 40595 | Vaults:2 | Found a staircase to the Crypt.
 40601 | Vaults:2 | Found Konestra's Antique Armour Boutique.
 40945 | Vaults:2 | Found Loipn's Armour Emporium.
 41615 | Vaults:2 | Reached skill level 5 in Spellcasting
 42373 | Vaults:3 | Reached XP level 21. HP: 158/158 MP: 29/29
 42638 | Vaults:3 | Identified the +2 helmet of Precision Catastrophes {^Contam
                  | rElec rN+ rCorr}
 43057 | Vaults:3 | Found Wodycios's Assorted Antiques.
 43065 | Vaults:3 | Bought a scroll of blinking for 307 gold pieces
 43065 | Vaults:3 | Bought a scroll of enchant armour for 307 gold pieces
 43099 | Vaults:4 | Identified the +4 scale mail "Tiskodgh" {Fly rF++ Dex-3}
 43367 | Vaults:4 | Noticed an ancient lich
 43373 | Vaults:4 | Killed an ancient lich
 43386 | Vaults:4 | Reached skill level 15 in Dodging
 44940 | Depths:1 | Entered Level 1 of the Depths
 45055 | Depths:1 | Noticed Nikola
 45061 | Depths:1 | Killed Nikola
 45063 | Depths:1 | Found Ovuss's Antique Armour Shoppe.
 45327 | Depths:1 | Found a gateway to Hell.
 45353 | Depths:1 | Noticed Sojobo
 45412 | Depths:1 | Killed Sojobo
 45516 | Depths:1 | Identified the +10 falchion of Discretion {flame, rElec
                  | Dex+4}
 45523 | Depths:1 | Identified the +1 whip of the Jumping Gods {venom, Str+5
                  | Dex-4}
 45605 | Depths:1 | Reached XP level 22. HP: 166/166 MP: 33/33
 45663 | Depths:1 | Noticed the Enchantress
 45676 | Depths:1 | Killed the Enchantress
 47512 | Depths:2 | Noticed a caustic shrike
 47639 | Depths:2 | Killed a caustic shrike
 47783 | Depths:2 | Noticed a golden dragon
 47794 | Depths:2 | Killed a golden dragon
 47974 | Depths:2 | Identified the +8 plate armour "Doereg" {Str-4 Dex+5}
 48149 | Depths:2 | Found a one-way gateway to a ziggurat.
 48350 | Depths:2 | Found a one-way gate leading to the halls of Pandemonium.
 48582 | Depths:3 | Reached XP level 23. HP: 142/174 MP: 34/36
 48878 | Depths:3 | Identified the +0 ring mail of Devotion {Harm *Corrode
                  | rN+++ Int-4}
 49294 | Depths:3 | Found a shadowy altar of Dithmenos.
 49582 | Depths:4 | Entered Level 4 of the Depths
 49891 | Depths:4 | Noticed a caustic shrike
 49891 | Depths:4 | Noticed a caustic shrike
 49892 | Depths:4 | Noticed a caustic shrike
 49892 | Depths:4 | Noticed a caustic shrike
 49893 | Depths:4 | Noticed a caustic shrike
 49903 | Depths:4 | Killed a caustic shrike
 49905 | Depths:4 | Killed a caustic shrike
 49906 | Depths:4 | Killed a caustic shrike
 49908 | Depths:4 | Killed a caustic shrike
 49910 | Depths:4 | Killed a caustic shrike
 49915 | Depths:4 | Noticed a caustic shrike
 49922 | Depths:4 | Killed a caustic shrike
 49922 | Depths:4 | Noticed a caustic shrike
 49923 | Depths:4 | Noticed a caustic shrike
 49930 | Depths:4 | Killed a caustic shrike
 49934 | Depths:4 | Killed a caustic shrike
 50451 | Depths:4 | Found a gate to the Realm of Zot.
 50530 | Depths:4 | Reached skill level 10 in Spellcasting
 50911 | Depths:4 | Noticed a juggernaut
 50936 | Depths:4 | Killed a juggernaut
 51357 | Vaults:4 | Gained mutation: You occasionally shout uncontrollably at
                  | your foes. [Ru sacrifice]
 51357 | Vaults:4 | Reached ****** piety under Ru
 51370 | Vaults:5 | Entered Level 5 of the Vaults
 51421 | Vaults:5 | Reached XP level 24. HP: 174/182 MP: 37/37
 51434 | Vaults:5 | Noticed an ancient lich
 51441 | Vaults:5 | Killed an ancient lich
 51515 | Vaults:5 | Reached skill level 15 in Translocations
 51599 | Vaults:5 | Identified the +6 plate armour "Cenn" {Int+3}
 51615 | Vaults:5 | Noticed an ancient lich
 51618 | Vaults:5 | Killed an ancient lich
 51943 | Vaults:5 | Found the +7 sceptre of Torment {pain, torment}
 51952 | Vaults:5 | Got the Codex of Hot Energy
 51968 | Vaults:5 | Identified the +0 scale mail of the Hart {*Slow rC++ Dex+3
                  | Stlth+}
 52127 | Vaults:5 | Learned a level 5 spell: Lee's Rapid Deconstruction
 52187 | Vaults:5 | Noticed an ancient lich
 52202 | Vaults:5 | Killed an ancient lich
 52214 | Vaults:5 | Found the +13 scythe of Curses {drain, curses, ^Drain}
 52578 | Vaults:5 | Paralysed by an ogre mage for 5 turns
 52692 | Vaults:5 | Got a silver rune of Zot
 52824 | Vaults:5 | Identified the +2 robe of Beyond {rC+}
 53358 | Elf:1    | Entered Level 1 of the Elven Halls
 54114 | Elf:1    | Reached XP level 25. HP: 118/190 MP: 38/38
 54615 | Elf:1    | Found a portal to a secret trove of treasure.
 54983 | Elf:2    | Identified the +0 helmet "Wodum" {+Inv rPois rN+ Stlth+}
 55124 | Elf:2    | Found Oquuzer's Jewellery Shop.
 55125 | Elf:2    | Found Qunautoa's Book Emporium.
 55126 | Elf:2    | Found Bupa Geov's Jewellery Shop.
 55238 | Elf:2    | Found a runed translucent gate.
 55239 | Elf:2    | Found a runed translucent gate.
 55240 | Elf:2    | Found a runed translucent gate.
 55319 | Elf:2    | Identified the serpent talisman of the Golden God {Int-2
                  | Dex+2 SInv Stlth+}
 55319 | Elf:2    | Noticed Aizul
 55372 | Elf:3    | Entered Level 3 of the Elven Halls
 55472 | Elf:2    | Found a shimmering blue altar of Sif Muna.
 55876 | Abyss:2  | Cast into level 2 of the Abyss (a deep elf demonologist)
 55938 | Abyss:2  | Found a corrupted altar of Lugonu.
 55946 | Abyss:2  | Found a corrupted altar of Lugonu.
 55946 | Abyss:2  | Found a corrupted altar of Lugonu.
 56050 | Abyss:2  | Paralysed by accursed screaming for 1 turns
 56157 | Abyss:2  | Found a corrupted altar of Lugonu.
 56266 | Abyss:2  | Found a corrupted altar of Lugonu.
 56345 | Elf:3    | Escaped the Abyss
 56652 | Elf:3    | Learned a level 7 spell: Manifold Assault
 56664 | Elf:3    | Identified the +8 halberd of Teipunek {freeze, rF- rC+
                  | Str+3 Int+3}
 56688 | Elf:3    | Identified the +11 short sword of Devotion {protect,
                  | *Corrode rElec rC++ rN+}
 56690 | Elf:3    | Identified the +3 ring mail of Xaetieqo {Int+6}
 57032 | Elf:3    | Learned a level 3 spell: Passwall
 57253 | Elf:2    | Killed Aizul
 57441 | Elf:2    | Reached XP level 26. HP: 198/199 MP: 5/39
 58096 | Hell     | Entered the Vestibule of Hell
 58096 | Hell     | Noticed Geryon
 58105 | Hell     | Killed Geryon
 58412 | Hell     | Paralysed by a vampire knight for 2 turns
 58433 | Hell     | Found a gateway to the decaying netherworld of Tartarus.
 58637 | Hell     | Found a gateway to the ashen valley of Gehenna.
 58755 | Hell     | Found a gateway to the Iron City of Dis.
 58821 | Hell     | Found a gateway to the freezing wastes of Cocytus.
 59007 | Hell     | Learned a level 2 spell: Sublimation of Blood
 59036 | Depths:1 | Voluntarily entered the Abyss.
 59247 | Abyss:3  | Reached skill level 1 in Necromancy
 59596 | Abyss:4  | Reached skill level 1 in Earth Magic
 59650 | Abyss:4  | Got an abyssal rune of Zot
 59666 | Depths:1 | Escaped the Abyss
 59760 | Pan      | Entered Pandemonium
 60068 | Pan      | Noticed Ynuappis the pandemonium lord
 60083 | Pan      | Killed Ynuappis the pandemonium lord
 60170 | Pan      | Found a runed translucent door.
 60185 | Pan      | Got a demonic rune of Zot
 60370 | Pan      | Found an exit through the horrors of the Abyss.
 60760 | Pan      | Entered the realm of Cerebov.
 60897 | Pan      | Reached XP level 27. HP: 207/207 MP: 25/39
 61014 | Pan      | Reached skill level 5 in Necromancy
 61181 | Pan      | Identified the +4 long sword of Woe {holy, ^Fragile rC+
                  | Str+2}
 61245 | Pan      | Found the +6 sword of Cerebov {flame}
 61245 | Pan      | Noticed Cerebov
 61264 | Pan      | Killed Cerebov
 61318 | Pan      | Got a fiery rune of Zot
 61342 | Pan      | Identified the +1 arbalest of the Screaming Sybil {penet,
                  | rCorr}
 61361 | Pan      | Identified the staff "Akhluhir" {rPois rF+ Hexes Fire}
 61418 | Pan      | Identified the +3 whip "Yhustoru" {venom, Str+2}
 61617 | Pan      | Identified the +0 ring mail of Tuumor {rC+ MP-9 Str+8
                  | Int-2}
 61636 | Pan      | Reached skill level 5 in Earth Magic
 61814 | Pan      | Found an exit through the horrors of the Abyss.
 61850 | Pan      | Identified the +1 scale mail of the Butcher {Harm rC-
                  | Slay+6 Stlth+}
 61855 | Pan      | Entered the realm of Mnoleg.
 61855 | Pan      | Noticed Mnoleg
 61861 | Pan      | Gained mutation: You are very frail. (-20% HP) [a
                  | cacodemon]
 61867 | Pan      | Killed Mnoleg
 61897 | Pan      | Gained mutation: You have a pair of small antennae on your
                  | head. [a cacodemon]
 61900 | Pan      | Gained mutation: You are very clumsy. (Dex -4) [a
                  | cacodemon]
 61929 | Pan      | Gained mutation: Potions are less effective at restoring
                  | your health. [a cacodemon]
 61931 | Pan      | Gained mutation: Your magical capacity is low. (-10% MP) [a
                  | cacodemon]
 61947 | Pan      | Lost mutation: You have a pair of small antennae on your
                  | head. [potion of mutation]
 61947 | Pan      | Lost mutation: You are very clumsy. (Dex -4) [potion of
                  | mutation]
 61947 | Pan      | Lost mutation: Your magical capacity is low. (-10% MP)
                  | [potion of mutation]
 61947 | Pan      | Lost mutation: You are very frail. (-20% HP) [potion of
                  | mutation]
 61948 | Pan      | Lost mutation: Potions are less effective at restoring your
                  | health. [potion of mutation]
 61948 | Pan      | Gained mutation: You sometimes lose your temper in combat.
                  | [potion of mutation]
 61948 | Pan      | Gained mutation: You do not regenerate when monsters are
                  | visible. [potion of mutation]
 61951 | Pan      | Lost mutation: You sometimes lose your temper in combat.
                  | [potion of mutation]
 61951 | Pan      | Lost mutation: You do not regenerate when monsters are
                  | visible. [potion of mutation]
 61951 | Pan      | Gained mutation: You have very sharp teeth. [potion of
                  | mutation]
 62068 | Pan      | Gained mutation: Armour fits poorly on your strangely
                  | shaped body. [a neqoxec]
 62486 | Pan      | Got a glowing rune of Zot
 62524 | Pan      | Entered the realm of Lom Lobon.
 62745 | Pan      | Noticed Lom Lobon
 62759 | Pan      | Got a magical rune of Zot
 62769 | Pan      | Killed Lom Lobon
 62902 | Pan      | Entered the realm of Gloorx Vloq.
 63116 | Pan      | Found an exit through the horrors of the Abyss.
 63611 | Pan      | Noticed Gloorx Vloq
 63628 | Pan      | Killed Gloorx Vloq
 63634 | Pan      | Got a dark rune of Zot
 63940 | Pan      | Took an exit into the Abyss.
 63940 | Abyss:4  | Escaped into the Abyss
 63987 | Depths:2 | Escaped the Abyss
 64387 | Slime:1  | Entered Level 1 of the Pits of Slime
 64784 | Slime:5  | Entered Level 5 of the Pits of Slime
 65050 | Slime:5  | Noticed the Royal Jelly
 65056 | Slime:5  | Killed the Royal Jelly
 65149 | Slime:5  | Found the +5 Storm Queen's Shield {shock, Fly rElec}
 65158 | Slime:5  | Identified the amulet "Faowinis" {Faith +Inv Str+2 Dex-2}
 65164 | Slime:5  | Got a slimy rune of Zot
 65536 | D:12     | Killed Erolcha
 65790 | Coc:1    | Entered Level 1 of Cocytus
 65876 | Coc:1    | You fall into a shaft and drop 1 floor!
 65878 | Coc:2    | Paralysed by a wendigo for 1 turns
 66287 | Coc:3    | Learned a level 5 spell: Borgnjor's Vile Clutch
 66656 | Coc:4    | Paralysed by a wendigo for 1 turns
 66670 | Coc:4    | Reached skill level 15 in Spellcasting
 66797 | Coc:4    | Reached skill level 5 in Stealth
 67215 | Coc:5    | Reached skill level 10 in Necromancy
 68159 | Coc:7    | Entered Level 7 of Cocytus
 68833 | Coc:7    | Noticed Antaeus
 68853 | Coc:7    | Killed Antaeus
 68885 | Coc:7    | Got an icy rune of Zot
 69059 | Coc:7    | Noticed an ancient lich
 69060 | Coc:7    | Killed an ancient lich
 69213 | Coc:7    | Found the +7 great mace "Firestarter" {flame, immolate,
                  | rFlCloud rF++}
 69217 | Coc:7    | Identified the +5 great mace of Inference {flame, rC+
                  | Will+}
 69343 | Geh:1    | Entered Level 1 of Gehenna
 70877 | Geh:7    | Entered Level 7 of Gehenna
 71489 | Geh:7    | Reached skill level 10 in Stealth
 71652 | Geh:7    | Found the +7 mace of Variability {chaos, chaos arc}
 71807 | Geh:7    | Found the +13 sceptre of Asmodeus
 71807 | Geh:7    | Noticed Asmodeus
 71819 | Geh:7    | Killed Asmodeus
 71967 | Geh:7    | Identified the +1 plate armour "Toshan" {rF+}
 71983 | Geh:7    | Identified the staff of Tasmuda {rN+ Str+2 Necro}
 71994 | Geh:7    | Identified the ring of Ikuezxeh {rPois Int+2}
 72001 | Geh:7    | Identified the +11 great sword "Pujybenn" {freeze, Str+2
                  | Int+3}
 72030 | Geh:7    | Got an obsidian rune of Zot
 72262 | Tar:1    | Entered Level 1 of Tartarus
 72433 | Tar:1    | Reached skill level 27 in Long Blades
 72582 | Tar:1    | You fall into a shaft and drop 1 floor!
 74446 | Tar:6    | Learned a level 8 spell: Disjunction
 74447 | Tar:7    | Entered Level 7 of Tartarus
 75058 | Tar:7    | Identified the staff of Callousness {rC+ rN++ Ice}
 75214 | Tar:7    | Reached skill level 15 in Necromancy
 75333 | Tar:7    | Noticed Ereshkigal
 75339 | Tar:7    | Killed Ereshkigal
 75364 | Tar:7    | Got a bone rune of Zot
 75367 | Tar:7    | Identified the +8 demon blade of Hiduosit {pain, MP+9}
 75582 | Dis:1    | Entered Level 1 of the Iron City of Dis
 76074 | Dis:3    | Noticed a dread lich
 76078 | Dis:3    | Killed a dread lich
 76456 | Dis:3    | You fall into a shaft and drop 2 floors!
 77217 | Dis:7    | Entered Level 7 of the Iron City of Dis
 77777 | Dis:7    | Noticed a juggernaut
 77782 | Dis:7    | Killed a juggernaut
 77900 | Dis:7    | Identified the +3 morningstar "Bynae" {drain, Int+2 Stlth+}
 77910 | Dis:7    | Identified the ring of the Falcon {rPois rF- Str+7 Dex+6
                  | Slay+2}
 79233 | Dis:7    | Noticed the Serpent of Hell
 79249 | Dis:7    | Killed the Serpent of Hell
 79429 | Dis:7    | Noticed a juggernaut
 79433 | Dis:7    | Killed a juggernaut
 79658 | Dis:7    | Noticed Dispater
 79689 | Dis:7    | Killed Dispater
 79706 | Dis:7    | Found the +3 pair of seven-league boots {Rampage+∞}
 79707 | Dis:7    | Found the +3 Mad Mage's Maulers {Infuse+∞ VampMP -Cast}
 79743 | Dis:7    | Got an iron rune of Zot
 80139 | Crypt:1  | Entered Level 1 of the Crypt
 80230 | Crypt:1  | Noticed Margery
 80235 | Crypt:1  | Killed Margery
 80624 | Crypt:1  | Found a shadowy altar of Dithmenos.
 80885 | Crypt:1  | Noticed Ilat's ghost (veteran FoFi)
 80888 | Crypt:1  | Found a runed translucent door.
 81181 | Crypt:1  | Killed Ilat's ghost
 81705 | Crypt:2  | Noticed Vv
 81710 | Crypt:2  | Killed Vv
 81964 | Crypt:2  | Reached skill level 15 in Stealth
 82335 | Crypt:3  | Entered Level 3 of the Crypt
 82846 | Crypt:3  | Noticed a dread lich
 82848 | Crypt:3  | Killed a dread lich
 82876 | Crypt:3  | Found an ancient bone altar of Kikubaaqudgha.
 82981 | Crypt:3  | Identified the staff of Oozing Pus {rC+ rN+ Str+2 Necro}
 83324 | Crypt:3  | Found a staircase to the Tomb.
 83374 | Tomb:1   | Entered Level 1 of the Tomb of the Ancients
 83455 | Tomb:1   | Identified the +2 robe "Qianeorph" {^Contam Fly rF+ Will+
                  | Dex+3}
 83455 | Tomb:1   | Noticed Boris
 83458 | Tomb:1   | Killed Boris
 84091 | Tomb:1   | Noticed a royal mummy
 84095 | Tomb:1   | Killed a royal mummy
 84156 | Tomb:1   | Noticed Khufu
 84159 | Tomb:1   | Killed Khufu
 84174 | Tomb:1   | Noticed a royal mummy
 84176 | Tomb:1   | Killed a royal mummy
 84393 | Tomb:1   | Noticed a royal mummy
 84396 | Tomb:1   | Killed a royal mummy
 84855 | Tomb:1   | Noticed a royal mummy
 84859 | Tomb:1   | Killed a royal mummy
 84969 | Tomb:1   | Noticed a royal mummy
 84974 | Tomb:1   | Killed a royal mummy
 85029 | Tomb:1   | Noticed a royal mummy
 85029 | Tomb:1   | Noticed a royal mummy
 85030 | Tomb:1   | Noticed a royal mummy
 85032 | Tomb:1   | Killed a royal mummy
 85035 | Tomb:1   | Killed a royal mummy
 85037 | Tomb:1   | Killed a royal mummy
 85045 | Tomb:1   | Noticed a royal mummy
 85169 | Tomb:1   | Killed a royal mummy
 85211 | Tomb:1   | Noticed a royal mummy
 85213 | Tomb:1   | Killed a royal mummy
 85280 | Tomb:1   | Noticed a royal mummy
 85285 | Tomb:1   | Killed a royal mummy
 85436 | Tomb:1   | Noticed a royal mummy
 85440 | Tomb:1   | Killed a royal mummy
 85490 | Tomb:1   | Noticed a royal mummy
 85492 | Tomb:1   | Noticed a royal mummy
 85495 | Tomb:1   | Killed a royal mummy
 85496 | Tomb:1   | Noticed a royal mummy
 85497 | Tomb:1   | Killed a royal mummy
 85503 | Tomb:1   | Killed a royal mummy
 85604 | Tomb:1   | Noticed a royal mummy
 85613 | Tomb:1   | Killed a royal mummy
 85665 | Tomb:1   | Noticed a royal mummy
 85669 | Tomb:1   | Killed a royal mummy
 86362 | Tomb:3   | Entered Level 3 of the Tomb of the Ancients
 86421 | Tomb:3   | Noticed a royal mummy
 86429 | Tomb:3   | Killed a royal mummy
 86429 | Tomb:3   | Noticed a royal mummy
 86431 | Tomb:3   | Noticed a royal mummy
 86436 | Tomb:3   | Killed a royal mummy
 86439 | Tomb:3   | Noticed a royal mummy
 86440 | Tomb:3   | Killed a royal mummy
 86441 | Tomb:3   | Noticed a royal mummy
 86443 | Tomb:3   | Killed a royal mummy
 86448 | Tomb:3   | Killed a royal mummy
 86472 | Tomb:3   | Noticed a royal mummy
 86475 | Tomb:3   | Killed a royal mummy
 86742 | Tomb:3   | Noticed a royal mummy
 86748 | Tomb:3   | Killed a royal mummy
 86917 | Tomb:3   | Noticed a royal mummy
 86922 | Tomb:3   | Killed a royal mummy
 86940 | Tomb:3   | Identified the +0 chain mail of Oblivion {^Contam Fly rElec
                  | Str+3}
 86945 | Tomb:3   | Got the Guidebook on Ironbound Injury
 86951 | Tomb:3   | Identified the +7 falchion "Ovyeto Joem" {flame, rC+ SInv}
 86953 | Tomb:3   | Identified the amulet "Wiesal" {Acrobat Str+4}
 86973 | Tomb:3   | Noticed a royal mummy
 86977 | Tomb:3   | Killed a royal mummy
 87117 | Tomb:3   | Got a golden rune of Zot
 87251 | Tomb:1   | Noticed a royal mummy
 87256 | Tomb:1   | Killed a royal mummy
 87828 | Zot:1    | Entered Level 1 of the Realm of Zot
 87892 | Zot:1    | Lost mutation: Armour fits poorly on your strangely shaped
                  | body. [potion of mutation]
 87892 | Zot:1    | Lost mutation: You have very sharp teeth. [potion of
                  | mutation]
 87892 | Zot:1    | Gained mutation: You have hidden genetic defects. [potion
                  | of mutation]
 87892 | Zot:1    | Gained mutation: Your spells are a little easier to cast,
                  | but a little less powerful. [potion of mutation]
 87892 | Zot:1    | Gained mutation: You are vulnerable to heat. (rF-) [potion
                  | of mutation]
 87892 | Zot:1    | Gained mutation: You are strong-willed. (Will+) [potion of
                  | mutation]
 87893 | Zot:1    | Lost mutation: You are strong-willed. (Will+) [potion of
                  | mutation]
 87893 | Zot:1    | Lost mutation: You have hidden genetic defects. [potion of
                  | mutation]
 87893 | Zot:1    | Lost mutation: Your spells are a little easier to cast, but
                  | a little less powerful. [potion of mutation]
 87893 | Zot:1    | Gained mutation: You are strong-willed. (Will+) [potion of
                  | mutation]
 87893 | Zot:1    | Gained mutation: You have supernaturally acute eyesight.
                  | (SInv) [potion of mutation]
 87894 | Zot:1    | Lost mutation: You are strong-willed. (Will+) [potion of
                  | mutation]
 87894 | Zot:1    | Lost mutation: You are vulnerable to heat. (rF-) [potion of
                  | mutation]
 87894 | Zot:1    | Lost mutation: You have supernaturally acute eyesight.
                  | (SInv) [potion of mutation]
 87894 | Zot:1    | Gained mutation: Your spells are a little harder to cast,
                  | but a little more powerful. [potion of mutation]
 87898 | Zot:1    | Lost mutation: Your spells are a little harder to cast, but
                  | a little more powerful. [potion of mutation]
 87898 | Zot:1    | Gained mutation: You are partially covered in iridescent
                  | scales. (AC +2) [potion of mutation]
 87898 | Zot:1    | Gained mutation: You expend magic power (3 MP) to
                  | strengthen your wands. [potion of mutation]
 88479 | Zot:2    | Learned a level 8 spell: Borgnjor's Revivification
 88918 | Zot:5    | Entered Level 5 of the Realm of Zot
 89178 | Zot:5    | Noticed an ancient lich
 89181 | Zot:5    | Killed an ancient lich
 89305 | Zot:5    | Noticed an orb of fire
 89309 | Zot:5    | Noticed a dread lich
 89310 | Zot:5    | Killed an orb of fire
 89311 | Zot:5    | Noticed a dread lich
 89311 | Zot:5    | Killed a dread lich
 89312 | Zot:5    | Killed a dread lich
 89384 | Zot:5    | Got the Orb of Zot
 89834 | D:15     | Noticed Beimuri the pandemonium lord
 89839 | D:15     | Killed Beimuri the pandemonium lord
 90032 | D:8      | Noticed Pupnu the pandemonium lord
 90185 | D:1      | Reached skill level 27 in Fighting
 90202 | D:$      | Escaped with the Orb!

Illustrated notes

Levels and vault maps discovered:
D:1:      spicycebolla_green_bress_n_ham, layout_basic
D:2:      layout_basic, shapermc_ecumenical_altar_hornbeckon,
          minmay_fractal_squares_5
D:3:      cheibrodos_fertilizer, layout_basic,
          mainiacjoe_overflow_concentric_impassable, uniq_terence, uniq_jessica
D:4:      minmay_door_path, layout_loops_corners, mainiacjoe_overflow_paths,
          serial_shops, nicolae_shop_dealshenge, uniq_ijyb, uniq_grinder
D:5:      layout_loops_ring, nicolae_overflow_hidden_temple,
          minmay_temple_entry_offerings, uniq_crazy_yiuf_cottage
D:6:      layout_basic, mainiacjoe_overflow_six_doors_small,
          mainiacjoe_overflow_cross_hatched, kennysheep_nondescript
D:7:      layout_basic, mainiacjoe_overflow_boulevard, serial_co_window_serial,
          co_window_paths_b, co_window_paths_a, co_window_paths_b,
          co_window_of_opportunity_a, co_window_of_opportunity_a,
          co_window_corner_a, co_window_of_opportunity_b, co_window_cross_4,
          co_window_2corner, co_window_unsneaky_path_b,
          co_window_unsneaky_path_c, co_window_of_opportunity_c,
          co_window_2corner, co_window_paths_d, glass_columns_a,
          glass_columns_b, serial_park_tiny_2, uniq_menkaure
D:8:      layout_loops_ring, enter_bailey_7, nicolae_shop_distant_corner_stores,
          uniq_maurice
D:9:      layout_big_octagon, lemuel_coloured_pillars_altar,
          gammafunk_ghost_wrathful_warriors
D:10:     layout_roguey, mainiacjoe_overflow_catwalk, lair_entry_dummy,
          chequers_arboretum, minmay_misc_feat_chi, grunt_decor_fettered,
          nicolae_elevator_lobby_asterisk
D:11:     layout_gridville, dreamdust_gnoll_shepherd
D:12:     layout_basic, orc_david_3, makhleb_altar_promises_db, uniq_fannar,
          uniq_erolcha, uniq_urug
D:13:     layout_basic, grunt_vaults_entry_tiered, special_room
          [special_room_orc], uniq_nessos
D:14:     minmay_s_stair_smasher, layout_irregular_city, serial_column_ruins,
          column_ruins_hut, column_ruins_grid_1, column_ruins_open_medium,
          column_ruins_columns_straight, column_ruins_grid_1,
          column_ruins_open_tiny, column_ruins_open_tiny, lemuel_flamethrower_1
D:15:     gammafunk_enter_depths_forms, layout_stronghold, tso_altar,
          nicolae_shop_overcharged_wands
Temple:   nicolae_temple_bog_church
Lair:1:   layout_chaotic_city, gammafunk_ghost_cemetery, serial_bayou_shore_b,
          grunt_megastairs_3
Lair:2:   beast_lair_carwin_large_4, layout_chaotic_city
Lair:3:   layout_gridlike, nicolae_shoals_entry_roost, spider_nest_entry_webs,
          grunt_megastairs_1, infiniplex_staircase_pool
Lair:4:   layout_roguey [special_room_mythical_zoo], uniq_snorg
Lair:5:   hellmonk_lair_end_abyssal_woods, layout_layer_cave, slime_entry_1
Shoals:1: layout_shoals
Shoals:2: layout_shoals, gammafunk_ghost_split, uniq_mlioglotl
Shoals:3: layout_shoals, serial_shops, nicolae_shop_rolling_square
Shoals:4: shoals_end_hangedman, layout_shoals, shoal_ilsuiw,
          nicolae_shoals_beach_house_on_fowls_legs, uniq_mara
Spider:1: layout_cave_pods
Spider:2: layout_spider_delve, nicolae_looking_at_the_future
Spider:3: layout_cave_pods
Spider:4: johnstein_spider_rune_arachne_lair, nicolae_spider_eight_legs,
          uniq_roxanne, uniq_agnes
Slime:1:  layout_caves
Slime:2:  layout_caves
Slime:3:  layout_caves, nicolae_slime_barrier
Slime:4:  layout_caves
Slime:5:  slime_pit_nicolae_block_by_block
Orc:1:    layout_caves, library_closet
Orc:2:    pubby_orc_utopia
Elf:1:    elf_arrival_001, layout_geoelf_octagon,
          nicolae_trove_entry_path_of_doom, evilmike_minifort
Elf:2:    nicolae_elf_blades_splatter_lattice [nicolae_blade_bullseye],
          layout_rooms, lemuel_upstairs_altar, minmay_shop_grove, uniq_aizul
Elf:3:    minmay_elf_hall_four_x, layout_rooms
Vaults:1: nicolae_vaults_stairing_the_circle, dpeg_vaults_monster_row,
          nicolae_vaults_halls_meeting, v_rooms_4, v_misc_28,
          nicolae_vaults_little_squares_2, layout_vaults_maze_snakey,
          serial_shops, nicolae_shop_waterfront, uniq_boris, uniq_donald,
          uniq_asterion
Vaults:2: nicolae_vaults_bisected_exclaves, hangedman_vaults_pinch,
          nicolae_vaults_house_1, nicolae_vaults_alarming, v_misc_18, v_misc_17,
          nicolae_vaults_closet_pinwheel_3, nicolae_vaults_asterisk,
          layout_vaults_quadrants, minmay_crypt_entry_simple_box, serial_shops,
          shop_fountains, nicolae_shop_advertising_works
          [nicolae_subvault_shop_adworks], nicolae_shop_real_fake_doors,
          nicolae_shop_pleasant_corner_grove
Vaults:3: nicolae_vaults_apartment_2, nicolae_vaults_hallways_thing,
          nicolae_vaults_house_3, vaults_room_octagon, vaults_room_fours,
          nicolae_vaults_heist, nicolae_vaults_apartment_1,
          vaults_mumra_minichess_inversion, nicolae_vaults_two_Ls,
          nicolae_vaults_sightless_eye, hangedman_vaults_maws,
          vaults_dpeg_diagonal, vaults_room_stairs_pillars,
          vaults_room_fancy_cross, nicolae_vaults_closet_pinwheel_4,
          nicolae_vaults_trapezoid_1, layout_vaults_big_room, serial_shops, shop
Vaults:4: v_rooms_3, vaults_room_pool, ontoclasm_vaults_idyll,
          nicolae_vaults_tetromino_Z_2, nicolae_vaults_three_branches,
          hangedman_vaults_stream, nicolae_vaults_crenellated_ambush,
          ontoclasm_vaults_ligature, nicolae_vaults_closet_pinwheel_4,
          grunt_vaults_twisty, nicolae_vaults_trapezoid_lopsided_4,
          hangedman_vaults_variations, nicolae_vaults_trapezoid_lopsided_2,
          ontoclasm_vaults_tryst, nicolae_vaults_house_2,
          vaults_mumra_chevron_long, nicolae_vaults_little_squares_5,
          layout_vaults_omnibox
Vaults:5
Crypt:1:  layout_catacombs, hellmonk_ghost_happy_afterlife, basic_altar,
          grunt_ministairs_9, columned_hall_lemuel, nicolae_danse_macabre,
          uniq_margery
Crypt:2:  layout_misc_corridors, special_room [special_room_morgue],
          grunt_megastairs_2, uniq_vv
Crypt:3:  cryptofortress_bobbens
Tomb:1:   uniq_khufu
Tomb:2
Tomb:3
Depths:1: layout_honeycomb, patterned_corridor, hell_entry, abyss_entry,
          minmay_the_grid_square_5x5_3x3_mashed
          [minmay_the_grid_square_5x5_half_checkered,
          minmay_the_grid_square_5x5_inner_i,
          minmay_the_grid_square_5x5_dogpile,
          minmay_the_grid_square_5x5_almost_minimal,
          minmay_the_grid_square_5x5_megaprize_checkered,
          minmay_the_grid_square_5x5_three,
          minmay_the_grid_square_5x5_eight_small, minmay_the_grid_square_5x5_n,
          minmay_the_grid_square_5x5_bracketed], serial_bayou_shore_b,
          minmay_shop_star, uniq_enchantress, uniq_nikola, uniq_sojobo
Depths:2: minmay_box_of_curves, layout_cave_shapes, enter_ziggurat_b,
          rand_demon_pan_entry_1, hell_entry, kennysheep_another_room
Depths:3: hangedman_cross_stitches, layout_gridlike, abyss_entry_glasseish,
          grunt_dithmenos_smoke_and_mirrors, hell_entry,
          minmay_staircase_statues
Depths:4: grunt_zot_entry_gee_three, layout_basic, hangedman_decor_growths,
          hell_entry
Hell
Dis:1:    layout_gridville, nicolae_dis_grated_feature
Dis:2:    layout_regular_city
Dis:3:    hangedman_dis_monolith, layout_regular_city, nicolae_dis_fourth_circle
Dis:5:    layout_gridville
Dis:6:    layout_jigsaw
Dis:7:    dis_st
Geh:1:    layout_gehenna_lava_caves
Geh:2:    layout_gehenna_pools_basic
Geh:3:    nicolae_hells_demon_pit, layout_gehenna_lava_caves
Geh:4:    layout_gehenna_lava_caves
Geh:5:    layout_gehenna_lava_caves
Geh:6:    layout_gehenna_pools_box
Geh:7:    geh_mu
Coc:1:    layout_cocytus_delve
Coc:2:    layout_cocytus_water_paths
Coc:3:    layout_ice_bergs
Coc:4:    layout_ice_bergs
Coc:5:    layout_ice_bergs
Coc:6:    nicolae_coc_three_mouths, layout_ice_bergs
Coc:7:    coc_dpeg
Tar:1:    layout_catacombs, nicolae_tar_cuneiform_oil, nicolae_tar_grid_combs
Tar:2:    layout_honeycomb, nicolae_tar_four_comb_rooms
Tar:3:    layout_honeycomb
Tar:4:    layout_grid_maze, nicolae_tar_honey_rotating
Tar:5:    layout_honeycomb, nicolae_tar_combbox
Tar:6:    layout_grid_maze
Tar:7:    tar_minmay_river
Zot:1:    layout_gridlike, regret_index_zotdec_twisting_globes
Zot:2:    bobbens_index_wilting_gardens, layout_misc_corridors,
          ebering_ghost_disaster_area, st_stairs_14
Zot:3:    layout_cathedral_of_symmetry, regret_index_zotdec_serpentine_scales,
          uniq_josephina
Zot:4:    layout_misc_corridors, lemuel_elevator
Zot:5:    layout_misc_corridors

Skill      XL: |  1  2  3  4  5  6  7  8  9 10 11 12 13 14 15 16 17 18 19 20 21 22 23 24 25 26 27 |
---------------+----------------------------------------------------------------------------------+-----
Long Blades    | 4 5 6 7 9 10 12 13 14 15 16 17 18 19 20 21 22 23 24 27 | 27.0
Evocations     | 1 3 4 6 8 10 11 12 14 15 16 18 19 | 19.8
Fighting       | 4 5 7 8 9 10 11 12 13 14 15 16 17 18 19 20 21 27 | 27.0
Stealth        | 2 4 17 | 17.9
Dodging        | 3 5 7 8 10 11 12 13 14 15 16 17 18 19 | 19.4
Armour         | 1 4 6 7 |  7.6
Translocations | 3 6 8 9 11 12 13 14 15 16 17 26 | 26.3
Spellcasting   | 3 5 7 9 10 11 12 21 | 21.2
Necromancy     | 4 20 | 20.5
Earth Magic    | 4 9 |  9.8

Action                     |  1- 3 |  4- 6 |  7- 9 | 10-12 | 13-15 | 16-18 | 19-21 | 22-24 | 25-27 || total
---------------------------+-------+-------+-------+-------+-------+-------+-------+-------+-------++-------
  Melee: Falchion          |   115 |   129 |   213 |   478 |   798 |       |       |       |       ||  1733
         Dagger            |       |       |   196 |    94 |       |       |       |       |       ||   290
         Long sword        |       |       |       |   388 |   806 |       |       |       |       ||  1194
         Double sword      |       |       |       |       |   187 |  1351 |   921 |   846 |  5184 ||  8489
         Scimitar          |       |       |       |       |       |       |   413 |   769 |   661 ||  1843
         Demon blade       |       |       |       |       |       |       |       |       |  1476 ||  1476
         Bite              |       |       |       |       |       |       |       |       |   119 ||   119
  Throw: Dart              |       |     7 |    17 |    28 |    19 |     6 |       |     1 |     7 ||    85
         Throwing net      |       |       |       |       |       |       |     1 |       |     2 ||     3
   Cast: Lesser Beckoning  |       |       |       |       |       |    11 |    13 |       |       ||    24
         Apportation       |       |       |       |       |       |     1 |     1 |       |     8 ||    10
         Manifold Assault  |       |       |       |       |       |       |       |       |  1482 ||  1482
         Passage of Golubr |       |       |       |       |       |       |       |       |    12 ||    12
         Sublimation of Bl |       |       |       |       |       |       |       |       |   863 ||   863
         Passwall          |       |       |       |       |       |       |       |       |     4 ||     4
         Lee's Rapid Decon |       |       |       |       |       |       |       |       |     3 ||     3
         Disjunction       |       |       |       |       |       |       |       |       |     3 ||     3
 Invoke: Sacrifice Health  |       |       |     1 |       |       |       |       |       |       ||     1
         Sacrifice Purity  |       |       |       |     1 |       |     1 |       |     1 |       ||     3
         Reject Sacrifices |       |       |       |     1 |     1 |     1 |     2 |       |       ||     5
         Sacrifice Essence |       |       |       |       |     1 |       |       |       |       ||     1
         Sacrifice Forms   |       |       |       |       |     1 |       |       |       |       ||     1
         Sacrifice Love    |       |       |       |       |     1 |       |       |       |       ||     1
         Sacrifice Arcana  |       |       |       |       |       |     1 |       |       |       ||     1
         Apocalypse        |       |       |       |       |       |       |     1 |       |     1 ||     2
         Draw Out Power    |       |       |       |       |       |       |       |     2 |     8 ||    10
Ability: Invent Gizmo      |       |       |       |       |     1 |       |       |       |       ||     1
  Evoke: Wand              |       |    10 |     7 |     8 |    12 |     2 |     1 |     8 |    39 ||    87
         Lightning rod     |       |       |       |    13 |    17 |    15 |    12 |     7 |     6 ||    70
         Tin of tremorston |       |       |       |       |     2 |     4 |     6 |     5 |     2 ||    19
         Phial of floods   |       |       |       |       |       |       |       |       |     2 ||     2
    Use: Scroll            |       |     7 |     7 |     3 |    16 |    12 |     4 |     2 |    31 ||    82
         Potion            |       |       |     3 |     1 |     6 |     5 |       |     3 |    57 ||    75
   Stab: Sleeping          |       |       |     1 |     4 |    11 |    12 |     9 |     4 |    25 ||    66
         Invisible         |       |       |       |     1 |    11 |    22 |     7 |     8 |    12 ||    61
         Paralysed         |       |       |       |     8 |     6 |     2 |       |    13 |    16 ||    45
         Petrifying        |       |       |       |     1 |       |       |       |       |       ||     1
         Distracted        |       |       |       |       |     7 |    11 |     5 |    14 |    26 ||    63
         Held in net/web   |       |       |       |       |       |       |       |       |     8 ||     8
 Armour: Robe              |     6 |       |       |       |       |       |       |       |       ||     6
         Ring mail         |    64 |    80 |    70 |       |       |       |       |       |       ||   214
         Steam dragon scal |       |       |    69 |    30 |       |       |       |       |       ||    99
         Scale mail        |       |       |       |   341 |   301 |    37 |       |       |       ||   679
         Skin              |       |       |       |       |   133 |       |       |       |       ||   133
         Troll leather arm |       |       |       |       |       |   414 |   341 |   412 |   628 ||  1795
  Dodge: Dodged            |    55 |    58 |    92 |   211 |   369 |   716 |   589 |   614 |  1212 ||  3916
         Repelled          |       |     1 |       |       |    14 |    18 |    22 |    56 |   125 ||   236

Table legend: (Time is in decaauts)
 A = Elapsed time spent in this place.
 B = Non-inter-level travel time spent in this place.
 C = Inter-level travel time spent in this place.
 D = Time resting spent in this place.
 E = Time spent auto-exploring this place.
 F = Levels seen in this place.
 G = Mean time per level.
                   A        B        C        D        E       F      G
               +--------+--------+--------+--------+--------+-----+--------+
         Total |  89748 |  82089 |   7659 |  14208 |  32407 | 106 |  846.7 |
       Dungeon |  20396 |  17493 |   2903 |   2022 |  10075 |  15 | 1359.7 |
        Temple |     11 |     11 |      0 |      0 |      0 |   1 |   11.0 |
          Lair |   8466 |   7751 |    715 |   1481 |   3380 |   5 | 1693.2 |
        Shoals |   3658 |   3464 |    194 |    188 |   1731 |   4 |  914.5 |
   Spider Nest |   4187 |   3890 |    297 |    241 |   2093 |   4 | 1046.8 |
    Slime Pits |    928 |    858 |     70 |    429 |      0 |   5 |  185.6 |
  Orcish Mines |   4117 |   3812 |    305 |    874 |   1053 |   2 | 2058.5 |
   Elven Halls |   3949 |   3628 |    321 |    144 |   1871 |   3 | 1316.3 |
        Vaults |   7294 |   6735 |    559 |     85 |   3620 |   5 | 1458.8 |
         Crypt |   3396 |   3179 |    217 |    298 |   1967 |   3 | 1132.0 |
          Tomb |   3885 |   3733 |    152 |   2059 |    489 |   3 | 1295.0 |
        Depths |   6736 |   5889 |    847 |    593 |   3106 |   4 | 1684.0 |
          Hell |   1153 |   1044 |    109 |    429 |     73 |   1 | 1153.0 |
           Dis |   4210 |   4047 |    163 |   1671 |      0 |   6 |  701.7 |
       Gehenna |   2856 |   2662 |    194 |    788 |    241 |   7 |  408.0 |
       Cocytus |   3643 |   3457 |    186 |    768 |   1163 |   7 |  520.4 |
      Tartarus |   3276 |   3016 |    260 |    825 |    708 |   7 |  468.0 |
           Zot |   1802 |   1640 |    162 |    349 |    348 |   5 |  360.4 |
         Abyss |   1124 |   1124 |      0 |      0 |     66 |   5 |  224.8 |
   Pandemonium |   4087 |   4087 |      0 |    866 |    421 |  13 |  314.4 |
        Bailey |    564 |    564 |      0 |     94 |      0 |   1 |  564.0 |
               +--------+--------+--------+--------+--------+-----+--------+

Top non-repeatable levels by time:
   Orc:2: 3303 daAuts
  Lair:5: 3040 daAuts
   Dis:7: 2605 daAuts
  Tomb:1: 2490 daAuts
Depths:1: 2229 daAuts
     D:2: 2141 daAuts
Depths:2: 1826 daAuts
    D:10: 1825 daAuts
     D:4: 1779 daAuts
    D:15: 1724 daAuts
Vaults:5: 1709 daAuts
Vaults:2: 1668 daAuts
Spider:4: 1647 daAuts
    D:12: 1593 daAuts
   Elf:1: 1577 daAuts
